 Dungeon Crawl Stone Soup version 0.19-a0-1532-g228a5d9 (webtiles) character file.

42 Kidiri the Magician (level 3, 0/19 HPs)
             Began as a Deep Elf Fire Elementalist on Sept 13, 2016.
             Slain by a ball python (1 damage)
             ... on level 2 of the Dungeon.
             The game lasted 00:03:27 (1284 turns).

Kidiri the Magician (Deep Elf Fire Elementalist)    Turns: 1284, Time: 00:03:28

Health: 0/19       AC:  2    Str:  5    XL:     3   Next: 35%
Magic:  2/10       EV: 10    Int: 25    God:
Gold:   100        SH:  0    Dex: 15    Spells: 4 memorised, 1 level left

rFire  . . .     SeeInvis .     e - +2 short sword
rCold  . . .     Gourm    .     a - +0 robe
rNeg   . . .     Faith    .     (no shield)
rPois  .         Spirit   .     (no helmet)
rElec  .         Dismiss  .     (no cloak)
rCorr  .         Reflect  .     (no gloves)
MR     .....     Harm     .     (no boots)
Stlth  ++........               (no amulet)
                                (no ring)
                                (no ring)

@: brilliant, very slightly contaminated, constricted
A: no striking features
a: no special abilities


You were on level 2 of the Dungeon.
You were not hungry.

You visited 1 branch of the dungeon, and saw 2 of its levels.

You collected 100 gold pieces.

Inventory:

Hand Weapons
 e - a +2 short sword (weapon)
Armour
 a - a +0 robe (worn)
Scrolls
 g - a scroll of fear
Potions
 d - a potion of cure mutation
 f - a potion of curing {unknown}
 i - a potion of brilliance
Books
 b - a book of Flames

   Spells                             Type                      Level
   a - Flame Tongue                   Conjuration/Fire             1
   b - Throw Flame                    Conjuration/Fire             2
   c - Conjure Flame                  Conjuration/Fire             3
   d - Inner Flame                    Hexes/Fire                   3
   e - Sticky Flame                   Conjuration/Fire             4
   f - Fireball                       Conjuration/Fire             5
Comestibles
 c - 2 bread rations
 h - 8 chunks of flesh


   Skills:
 - Level 2.4 Dodging
 - Level 2.4 Stealth
 * Level 4.2 Spellcasting
 + Level 1.8 Conjurations
 + Level 3.8 Fire Magic


You had one spell level left.
You knew the following spells:

 Your Spells              Type           Power        Failure   Level  Hunger
a - Flame Tongue          Conj/Fire      ####.        1%          1    None
b - Throw Flame           Conj/Fire      ####..       1%          2    None
c - Conjure Flame         Conj/Fire      ####....     1%          3    ##.....
d - Inner Flame           Hex/Fire       ####....     1%          3    ##.....


Dungeon Overview and Level Annotations

Branches:
Dungeon (2/15)

Altars:


Message History

The flame tongue misses the ball python.
The flame tongue hits the worm.
The worm is almost dead.
The ball python closely misses you. The ball python constricts you.
The ball python bites you. The ball python constricts you.
Casting: Flame Tongue
Confirm with . or Enter, or press ? or * to list all spells.
Aiming: Flame Tongue
Press: ? - help, Shift-Dir - straight line, f/p - worm
Aim: a worm (severely wounded)
You miscast Flame Tongue.
Nothing appears to happen.
The ball python closely misses you. The ball python constricts you.
The worm bites you!
* * * LOW HITPOINT WARNING * * *
Unknown command.
Unknown command.
It was a potion of brilliance.
You feel clever all of a sudden. The ball python bites you.
You die...

#......# #......####
#......+... #......####
#.....(##.. ######
#####.###.#
......################.###.#
..........w.................
..>.......S@...............#
......################.###..
..... #...... .... ##.....
### #..... ####.. #.# #.#
#.#


You could see a worm and a ball python.

Vanquished Creatures
  A worm (D:2)
  3 dart slugs
  A giant gecko (D:1)
  2 ball pythons
  2 giant cockroaches (D:2)
  5 goblins
  5 hobgoblins
  3 bats
  2 giant newts (D:2)
  4 kobolds
  A rat (D:2)
29 creatures vanquished.

Notes
Turn   | Place    | Note
-------+----------+-------------------------------------------
     0 | D:1      | Kidiri the Deep Elf Fire Elementalist began the quest for the Orb.
     0 | D:1      | Reached XP level 1. HP: 10/10 MP: 6/6
   132 | D:1      | Reached XP level 2. HP: 14/15 MP: 1/8
   139 | D:1      | Learned a level 2 spell: Throw Flame
   800 | D:2      | Reached skill level 4 in Spellcasting
   993 | D:2      | Reached XP level 3. HP: 18/19 MP: 7/10
   998 | D:2      | Learned a level 3 spell: Conjure Flame
  1002 | D:2      | Learned a level 3 spell: Inner Flame
  1284 | D:2      | Slain by a ball python

Vault maps used:
D:1:      dpeg_arrival_three_same_balls
D:2:      kennysheep_ying_yang

Skill      XL: |  1  2 |
---------------+-------+-----
Spellcasting   | 4 |  4.2
Dodging        | |  2.4
Stealth        | |  2.4
Conjurations   | |  1.8
Fire Magic     | |  3.8

Action                   || total
-------------------------++-------
Melee: Short sword       ||     2
 Cast: Flame Tongue      ||    44
       Throw Flame       ||     5
  Use: Scroll            ||     5
       Potion            ||     1
 Stab: Sleeping          ||     2
  Eat: Chunk             ||     1
Armor: Robe              ||     6
Dodge: Dodged            ||    15
